 Dungeon Crawl Stone Soup version 0.32-a0-350-g4f4d228785 (webtiles) character file.

Game seed: 15014434482342662099

2287298 TheMeInTeam the Acrobat (level 27, 246/246 HPs)
             Began as a Barachi Enchanter on Feb 17, 2024.
             Was a High Priest of Sif Muna.
             Escaped with the Orb
             ... and 4 runes!
             The game lasted 04:01:21 (71809 turns).

TheMeInTeam the Acrobat (Barachi Enchanter)        Turns: 71809, Time: 04:01:22

Health: 246/246    AC: 15    Str:  9    XL:     27
Magic:  75/75      EV: 39    Int: 27    God:    Sif Muna [*****.]
Gold:   4667       SH: 35    Dex: 34    Spells: 19/66 levels left

rFire   + . .        a - +9 demon blade (drain)
rCold   + + .        X - +8 tower shield {rC+}
rNeg    . . .        t - +0 robe of Sunlight {rC+ Str+3 Archmagi}
rPois   +            j - +3 hat of Pondering {ponderous, Will+ MP+10 Int+5}
rElec   .            N - +2 cloak of the Thief {*Fog Slay-2 SInv Stlth+}
rCorr   .            E - +2 pair of gloves "Bued Kem" {^Drain Will+ Dex+3}
SInv    +            O - +2 pair of boots of Poptisor {rPois Regen+ MP+9 Str-5}
Will    ++++.        v - amulet of Fuck {Spirit Regen+}
Stlth   ++           U - ring "Mijewn" {MP+9 Int+2 Dex+6, =R}
HPRegen 2.21/turn    i - ring of protection from fire
MPRegen 0.44/turn

%: guardian spirit, archmagi
@: channelling, hasted, very quick
A: amphibious, slowness 1, strong legs 2, +LOS, thin skeletal structure 1,
clever 1, robust 1
0: Orb of Zot
}: 4/15 runes: decaying, serpentine, slimy, silver
a: Hop, Renounce Religion, Channel Magic, Forget Spell, Divine Exegesis


You escaped.
You worshipped Sif Muna.
Sif Muna was extremely pleased with you.
You visited 10 branches of the dungeon, and saw 52 of its levels.
You also visited: Trove, Bailey and Gauntlet.

You collected 7864 gold pieces.
You spent 3197 gold pieces at shops.

Inventory:

Hand Weapons
 a - a +9 demon blade of draining (weapon)
 w - a +4 short sword of draining
Missiles
 z - 5 throwing nets
Armour
 b - the +1 faerie dragon scales {rF+ rCorr Dex+2}
   (You took it off the Enchantress on level 1 of the Depths)

   Dex+2:     It affects your dexterity (+2).
   rF+:       It protects you from fire.
   rCorr:     It protects you from acid and corrosion.
 j - the +3 hat of Pondering (worn) {ponderous, Will+ MP+10 Int+5}
   (You found it in a Gauntlet)

   Int+5:     It affects your intelligence (+5).
   Will+:     It increases your willpower.
   MP+10:     It affects your magic capacity (+10).
 t - the +0 robe of Sunlight (worn) {rC+ Str+3 Archmagi}
   (You bought it in a shop on level 7 of the Dungeon)

   Str+3:     It affects your strength (+3).
   rC+:       It protects you from cold.
   Archmagi:  It increases the power of your magical spells.
 E - the +2 pair of gloves "Bued Kem" (worn) {^Drain Will+ Dex+3}
   (You found it in a treasure trove)

   Dex+3:     It affects your dexterity (+3).
   Will+:     It increases your willpower.
   ^Drain:    It drains your maximum health when unequipped.
 N - the +2 cloak of the Thief (worn) {*Fog Slay-2 SInv Stlth+}
   (You found it in a bailey)

   *Fog:      It may release a thick cloud of smoke when the wearer is hurt.
   Slay-2:    It affects your accuracy & damage with ranged weapons and melee
   (-2).
   SInv:      It lets you see invisible.
   Stlth+:    It makes you more stealthy.
 O - the +2 pair of boots of Poptisor (worn) {rPois Regen+ MP+9 Str-5}
   (You bought it in a shop on level 7 of the Dungeon)

   Str-5:     It affects your strength (-5).
   rPois:     It protects you from poison MP+9: It affects your magic capacity
   (+9).
   Regen+:    It increases your rate of health regeneration.
 X - a +8 tower shield of cold resistance (worn)
 Z - an orb of guile
Jewellery
 i - a ring of protection from fire (right hand)
 p - a ring of resist corrosion
 v - the amulet of Fuck (around neck) {Spirit Regen+}
   (You found it on level 5 of the Dungeon)

   [amulet of guardian spirit]

   Spirit:    It causes incoming damage to be divided between your reserves of
   health and magic.
   Regen+:    It increases your rate of health regeneration.
 U - the ring "Mijewn" (left hand) {MP+9 Int+2 Dex+6, =R}
   (You found it on level 3 of the Elven Halls)

   [ring of dexterity]

   Int+2:     It affects your intelligence (+2).
   Dex+6:     It affects your dexterity (+6).
   MP+9:      It affects your magic capacity (+9).
 W - a ring of positive energy
Wands
 d - a wand of charming (57)
 l - a wand of quicksilver (31)
 I - a wand of mindburst (17)
 M - a wand of polymorph (11)
 V - a wand of iceblast (31)
 Y - a wand of digging (3)
Scrolls
 f - 6 scrolls of blinking
 m - 3 scrolls of fog
 n - 5 scrolls of amnesia
 s - 2 scrolls of revelation
 x - 6 scrolls of immolation
 C - 28 scrolls of identify
 F - 2 scrolls of vulnerability
 G - 10 scrolls of teleportation
 H - 4 scrolls of poison
 Q - 4 scrolls of butterflies
 T - 4 scrolls of fear
Potions
 c - 2 potions of invisibility
 e - 16 potions of curing
 k - 4 potions of mutation
 o - 3 potions of enlightenment
 r - 2 potions of haste
 u - 5 potions of cancellation
 A - 7 potions of might
 B - 7 potions of lignification
 K - 3 potions of resistance
 L - 4 potions of ambrosia
 S - 3 potions of heal wounds
Miscellaneous
 g - a lightning rod (4/4)
 h - a sack of spiders
 q - a phial of floods
 J - a condenser vane
 R - a phantom mirror


   Skills:
 - Level 20.0 Fighting
 - Level 12.5(14.0) Short Blades
 - Level 11.2(14.0) Long Blades
 - Level 8.0 Armour
 + Level 21.7 Dodging
 - Level 6.0 Stealth
 + Level 20.4 Shields
 - Level 20.0 Spellcasting
 - Level 10.0 Conjurations
 + Level 21.4 Hexes
 - Level 8.0 Air Magic
 - Level 6.0 Earth Magic
 - Level 10.0 Alchemy
 - Level 10.0 Invocations
 - Level 10.0 Evocations


You had 19 spell levels left.
You knew the following spells:

 Your Spells              Type           Power      Damage    Failure   Level
a - Enfeeble              Hex            60%        N/A       1%          7
b - Discord               Hex            60%        N/A       4%          8
c - Dazzling Flash        Conj/Hex       100%       N/A       1%          3
d - Olgreb's Toxic Radia  Alch           88%        N/A       1%          4
e - Irradiate             Conj/Alch      44%        3d26      1%          5
f - Confusing Touch       Hex            100%       N/A       0%          3
i - Silence               Hex/Air        51%        N/A       1%          5
r - Mephitic Cloud        Conj/Alch/Air  86%        N/A       1%          3
v - Petrify               Alch/Erth      81%        N/A       1%          4
w - Yara's Violent Unrav  Hex/Alch       53%        3d20      1%          5

Your spell library contained the following spells:

 Spells                   Type           Power      Damage    Failure   Level
 Slow                     Hex            100%       N/A       0%          1
 Jinxbite                 Hex            100%       N/A       0%          2
 Sigil of Binding         Hex            100%       N/A       0%          3
 Tukima's Dance           Hex            100%       N/A       0%          3
 Cause Fear               Hex            60%        N/A       0%          4
 Foxfire                  Conj/Fire      100%       2x1d9     1%          1
 Kiss of Death            Conj/Necr      100%       2d13      1%          1
 Magic Dart               Conj           100%       1d8       1%          1
 Sandblast                Erth           100%       2d20      1%          1
 Shock                    Conj/Air       100%       1d9       1%          1
 Sting                    Conj/Alch      100%       1d9       1%          1
 Cigotuvi's Dreadful Rot  Necr/Alch/Air  100%       N/A       1%          2
 Ensorcelled Hibernation  Hex/Ice        100%       N/A       1%          2
 Mercury Vapours          Alch/Air       100%       N/A       1%          2
 Momentum Strike          Conj/Tloc      100%       3d10      1%          2
 Searing Ray              Conj           100%       2d8       1%          2
 Static Discharge         Conj/Air       100%       3-8/arc   1%          2
 Hailstorm                Conj/Ice       69%        3d12      1%          3
 Inner Flame              Hex/Fire       91%        N/A       1%          3
 Passwall                 Erth           73%        N/A       1%          3
 Stone Arrow              Conj/Erth      100%       3d13      1%          3
 Swiftness                Air            81%        N/A       1%          3
 Airstrike                Air            40%        2d(6-22)  1%          4
 Anguish                  Hex/Necr       45%        N/A       1%          4
 Brom's Barrelling Bould  Conj/Erth      81%        2d9       1%          4
 Dimensional Bullseye     Hex/Tloc       45%        N/A       1%          4
 Fulminant Prism          Conj/Alch      44%        3d19      1%          4
 Leda's Liquefaction      Alch/Erth      40%        N/A       1%          4
 Alistair's Intoxication  Alch           58%        N/A       1%          5
 Iskenderun's Battlesphe  Conj           88%        2d14      1%          5
 Metabolic Englaciation   Hex/Ice        45%        N/A       1%          5
 Summon Mana Viper        Hex/Summ       91%        N/A       1%          5
 Arcjolt                  Conj/Air       42%        1d52      2%          5
 Freeze                   Ice            100%       1d10      4%          1
 Necrotise                Necr           100%       1d9       4%          1
 Summon Small Mammal      Summ           100%       N/A       4%          1
 Flame Wave               Conj/Fire      69%        2d16      5%          4
 Ignite Poison            Fire/Alch      69%        N/A       5%          4
 Iskenderun's Mystic Bla  Conj/Tloc      69%        2d14      5%          4
 Sticky Flame             Fire/Alch      69%        2d11      5%          4
 Blink                    Tloc           80%        N/A       6%          2
 Call Imp                 Summ           80%        N/A       6%          2
 Lesser Beckoning         Tloc           80%        N/A       6%          2
 Scorch                   Fire           80%        2d8       6%          2
 Sublimation of Blood     Necr           40%        N/A       6%          2
 Summon Lightning Spire   Summ/Air       64%        N/A       8%          4
 Vhi's Electric Charge    Tloc/Air       100%       N/A       8%          4
 Freezing Cloud           Conj/Ice/Air   36%        6-21      10%         5
 Lee's Rapid Deconstruct  Erth           36%        3d18*     10%         5
 Eringya's Noxious Bog    Alch           44%        4d6       11%         6
 Call Canine Familiar     Summ           40%        N/A       12%         3
 Frozen Ramparts          Ice            80%        1d13      12%         3
 Fugue of the Fallen      Necr           40%        N/A       12%         3
 Gell's Gravitas          Tloc           40%        N/A       12%         3
 Ozocubu's Armour         Ice            40%        N/A       12%         3
 Summon Ice Beast         Ice/Summ       40%        N/A       12%         3
 Teleport Other           Tloc           40%        N/A       12%         3
 Vampiric Draining        Necr           40%        2d8       12%         3
 Volatile Blastmotes      Fire/Tloc      80%        2d16      12%         3
 Animate Armour           Summ/Erth      100%       N/A       12%         4
 Fireball                 Conj/Fire      34%        3d14      14%         5
 Conjure Ball Lightning   Conj/Air       42%        3x3d15    16%         6
 Bombard                  Conj/Erth      40%        9d7       24%         6
 Borgnjor's Vile Clutch   Necr/Erth      29%        N/A       32%         5
 Animate Dead             Necr           40%        N/A       38%         4
 Dispel Undead            Necr           40%        3d16      38%         4
 Manifold Assault         Tloc           40%        N/A       38%         4
 Martyr's Knell           Necr/Summ      40%        N/A       38%         4
 Passage of Golubria      Tloc           40%        N/A       38%         4
 Summon Blazeheart Golem  Fire/Summ      40%        N/A       38%         4
 Orb of Destruction       Conj           44%        9d12      50%         7
 Sculpt Simulacrum        Ice/Alch       34%        N/A       63%         6
 Starburst                Conj/Fire      34%        6d10      63%         6
 Curse of Agony           Necr           40%        N/A       75%         5
 Summon Forest            Summ/Tloc      20%        N/A       75%         5
 Plasma Beam              Fire/Air       32%        2x1d45    77%         6
 Death Channel            Necr           20%        N/A       99%         6
 Dispersal                Tloc           20%        N/A       99%         6
 Summon Cactus Giant      Summ           20%        N/A       99%         6
 Spellforged Servitor     Conj/Summ      34%        N/A       99%         7
 Haunt                    Necr/Summ      20%        N/A       100%        7
 Monstrous Menagerie      Summ           20%        N/A       100%        7
 Ozocubu's Refrigeration  Ice            20%        4d11      100%        7
 Summon Hydra             Summ           20%        N/A       100%        7
 Borgnjor's Revivificati  Necr           20%        N/A       100%        8
 Disjunction              Tloc           20%        N/A       100%        8
 Ignition                 Fire           20%        3d7       100%        8
 Infestation              Necr           20%        N/A       100%        8
 Lehudib's Crystal Spear  Conj/Erth      40%        10d10     100%        8
 Maxwell's Capacitive Co  Air            40%        ∞         100%        8
 Chain Lightning          Conj/Air       42%        3d56      100%        9
 Death's Door             Necr           20%        N/A       100%        9
 Fire Storm               Conj/Fire      34%        8d9       100%        9
 Shatter                  Erth           36%        3d29*     100%        9


Dungeon Overview and Level Annotations

Branches:
Dungeon (15/15)            Temple (0/1) D:5            Lair (5/5) D:10
  Swamp (4/4) Lair:3        Snake (4/4) Lair:3        Slime (5/5) Lair:5
    Orc (2/2) D:10            Elf (3/3) Orc:2        Vaults (5/5) D:14
  Crypt (0/3) Vaults:3     Depths (4/4) D:15            Zot (5/5) Depths:4
 Bailey (visited)         Gauntlet (visited)

Altars:
Cheibriados
Dithmenos
Fedhas
Gozag
Hepliaklqana
Kikubaaqudgha
Nemelex Xobeh
Sif Muna
Uskayaw
Vehumet
Yredelemnul
Beogh
Ignis

Shops:
D:5 (   D:6 !   D:7 [   D:15 *   Orc:2 [[(=   Elf:3 =!((   Snake:2 :
Snake:3 !   Vaults:1 =   Vaults:3 :   Vaults:5 [

Portals:
Hell: Depths:1 Depths:2 Depths:3 Depths:4
Abyss: Depths:3
Pandemonium: Depths:2
Ziggurat: Depths:2

Annotations:
Elf:3 2 transporters, Ynwoy's ghost, journeyman FeSu
Vaults:4 2 transporters, exclusion: orange crystal statue


Innate Abilities, Weirdness & Mutations

You are amphibious.
You cover ground slowly.
You can hop long distances.
You have an extended range of vision and can be seen from far away.
You have a somewhat thin skeletal structure. (Dex +2, Stealth+)
Your mind is acute. (Int +4, Str/Dex -1)
You are robust. (+10% HP)


Message History

The daeva calls down the wrath of the Shining One upon you.
The Shining One smites you!
You slice the large abomination like a ripe choko!!!
You destroy the large abomination!
Sif Muna accepts your kill. You block the daeva's attack. x2
You hit the daeva.
The daeva is almost dead.
You closely miss the daeva.
The daeva is almost dead.
You block the daeva's attack. The daeva completely misses you.
You barely miss the daeva.
The daeva is almost dead.
The daeva calls down the wrath of the Shining One upon you.
The Shining One smites you!
You slash the daeva!
The daeva is almost dead.
The daeva calls down the wrath of the Shining One upon you.
The Shining One smites you!
Your magical contamination has completely faded away.
You slice the daeva!!
You kill the daeva!
Sif Muna accepts your kill.
You slice the large abomination!!
The large abomination is heavily damaged.
You block the large abomination's attack.
You barely miss the large abomination.
The large abomination is heavily damaged.
The large abomination completely misses you.
You slice the large abomination!!
You destroy the large abomination!
Sif Muna accepts your kill.
No target in view!
A Tzitzimitl comes into view.
You block the Tzitzimitl's attack. The Tzitzimitl barely misses you.
Casting: Yara's Violent Unravelling (mildly dangerous; 1% risk of failure)
Confirm with . or Enter, or press ? or * to list all spells.
Aiming: Enfeeble (mildly dangerous; 1% risk of failure)
Press: ? - help, Shift-Dir - straight line, f - Tzitzimitl
Aim: a Tzitzimitl (will inflict weakness and antimagic)
You feel a surge of power!
The Tzitzimitl partially resists.
The Tzitzimitl is enfeebled!
The Tzitzimitl falters for a moment.
You miss the Tzitzimitl. You barely miss the Tzitzimitl.
You block the Tzitzimitl's attack. x2
You slash the Tzitzimitl!
The Tzitzimitl is lightly wounded.
The Tzitzimitl engulfs you. The Tzitzimitl drains your vigour!
You feel yourself slow down. The Tzitzimitl completely misses you.
You miss the Tzitzimitl.
The Tzitzimitl is lightly wounded.
You block the Tzitzimitl's attack. x2
You miss the Tzitzimitl.
The Tzitzimitl is lightly wounded.
The Tzitzimitl completely misses you. You block the Tzitzimitl's attack.
You slice the Tzitzimitl!!
The Tzitzimitl is moderately wounded.
The Tzitzimitl engulfs you but does no damage.
The Tzitzimitl bites you.
You hit the Tzitzimitl.
The Tzitzimitl is moderately wounded.
The Tzitzimitl falters for a moment.
You completely miss the Tzitzimitl.
The Tzitzimitl is moderately wounded.
The Tzitzimitl completely misses you. The Tzitzimitl barely misses you.
You hit the Tzitzimitl but do no damage.
The Tzitzimitl is moderately wounded.
You block the Tzitzimitl's attack. x2
You closely miss the Tzitzimitl.
The Tzitzimitl is moderately wounded.
The Tzitzimitl closely misses you. You block the Tzitzimitl's attack.
The Tzitzimitl gestures at you. The bolt of negative energy misses you.
You slice the Tzitzimitl!!
The Tzitzimitl is heavily wounded.
The Tzitzimitl's magic is no longer disrupted.
The Tzitzimitl is no longer weakened.
You block the Tzitzimitl's attack. The Tzitzimitl completely misses you.
You slice the Tzitzimitl!!
The Tzitzimitl is severely wounded.
You are ready to hop once more.
The Tzitzimitl gestures at you. The bolt of negative energy misses you.
You slice the Tzitzimitl!!
The Tzitzimitl is almost dead.
You feel yourself speed up. The Tzitzimitl misses you.
You block the Tzitzimitl's attack.
You hit the Tzitzimitl but do no damage.
The Tzitzimitl is almost dead.
The Tzitzimitl gestures at you. The bolt of negative energy misses you.
You slice the Tzitzimitl!!
You kill the Tzitzimitl!
Sif Muna accepts your kill.
No target in view!
There is a stone staircase leading up here.
You climb upwards.
There is a stone staircase leading down here.
Magic restored.
You feel less invigorated.
There is a stone staircase leading up here.
You climb upwards.
There is a stone staircase leading down here.
You see here a +0 helmet.
There is a stone staircase leading up here.
You climb upwards.
There is a stone staircase leading down here.
There is a stone staircase leading up here.
You climb upwards.
There is a stone staircase leading down here.
There is a stone staircase leading up, spattered with blood here.
You climb upwards.
There is a stone staircase leading down here.
Things that are here:
a +0 robe; a +0 dagger; an orc skeleton
There is a stone staircase leading up, spattered with blood here.
You climb upwards.
There is a stone staircase leading down here.
There is a stone staircase leading up here.
You climb upwards.
There is a stone staircase leading down here.
A reaper comes into view. It is wielding a +3 scythe of venom.
The reaper moves out of view.
An Orb Guardian comes into view.
The reaper hits you from afar with a +3 scythe of venom!
The reaper drags you backwards!
A tormentor comes into view.
You block the reaper's attack. You block the Orb Guardian's attack.
The tormentor moves out of view.
There is a stone staircase leading up, spattered with blood here.
The reaper hits you from afar with a +3 scythe of venom!!
You are poisoned.
You block the Orb Guardian's attack.
You climb upwards.
You feel very sick.
There is a stone staircase leading down here.
Casting: Enfeeble (mildly dangerous; 1% risk of failure)
Confirm with . or Enter, or press ? or * to list all spells.
Aiming: Mephitic Cloud (safe; 1% risk of failure)
Press: ? - help, Shift-Dir - straight line, f - Orb Guardian
Aim: an Orb Guardian (chance to affect: 29%)
You feel a surge of power!
The ball explodes into a vile cloud!
The stinking cloud engulfs the Orb Guardian.
The stinking cloud engulfs you.
You feel sick.
The Orb Guardian is engulfed in noxious fumes.
The Orb Guardian hits you!
You hit the Orb Guardian.
The Orb Guardian is lightly wounded.
You feel sick.
The Orb Guardian is engulfed in noxious fumes.
You block the Orb Guardian's attack.
The Orb Guardian is engulfed in noxious fumes.
You block the Orb Guardian's attack.
You barely miss the Orb Guardian.
The Orb Guardian is lightly wounded.
You feel sick.
The Orb Guardian is engulfed in noxious fumes.
You block the Orb Guardian's attack.
You slash the Orb Guardian! You drain the Orb Guardian.
The Orb Guardian is moderately wounded.
You feel sick.
The Orb Guardian is engulfed in noxious fumes.
You block the Orb Guardian's attack.
You slice the Orb Guardian!!
The Orb Guardian is heavily wounded.
You feel sick.
The Orb Guardian is engulfed in noxious fumes.
The Orb Guardian appears confused.
You block the Orb Guardian's attack.
You hit the Orb Guardian.
The Orb Guardian is severely wounded.
The Orb Guardian is engulfed in noxious fumes.
You feel sick.
You are no longer poisoned.
The Orb Guardian is engulfed in noxious fumes.
You block the Orb Guardian's attack.
The Orb Guardian is engulfed in noxious fumes.
The Orb Guardian appears confused.
The Orb Guardian closely misses you.
You catch the helpless Orb Guardian completely off-guard!
You slash the Orb Guardian!
The Orb Guardian is severely wounded.
You hit the Orb Guardian but do no damage.
The Orb Guardian is severely wounded.
You block the Orb Guardian's attack.
You completely miss the Orb Guardian.
The Orb Guardian is severely wounded.
The Orb Guardian seems less confused.
You block the Orb Guardian's attack. x2
You slice the Orb Guardian!!
The Orb Guardian is almost dead.
You block the Orb Guardian's attack.
You hit the Orb Guardian but do no damage.
The Orb Guardian is almost dead.
You block the Orb Guardian's attack.
You slash the Orb Guardian!
You kill the Orb Guardian!
Sif Muna accepts your kill.
You feel yourself speed up.
HP restored.
There is a staircase leading out of the dungeon here.
Okay, then.
You have escaped! #......###...##########..... ####.....#...#.P♣.♣.P ##.... #.....#...#...P..P #.... #.....#.#.#P..PPP. #...♣ #.....#.#.#...PP.. ##... ##........#P♣PP♣.♣ #.^. #........#..♣ P.P

#... #........#P.♣ . #...
#......@.#.♣P♣ .P #...
#........#P♣P♣P.. #####
#........#..PP... #....
#........#....P.♣ #....
#......#.#P..P♣.. #....
#########......#.#.P...P.
###..
#.......'........#.P♣P.P.
#..
#.#######........#♣...PP.
#.. #.# #........#
###########..


There were no monsters in sight!

Vanquished Creatures
  3 orbs of fire
  2 ancient liches (Zot:5)
  Mara (Depths:2)
  Josephina (Zot:2)
  A juggernaut (Depths:3)
  Sojobo (Depths:1)
  the Lernaean hydra (Swamp:4)
  Bai Suzhen (Depths:1)
  A pandemonium lord (Depths:1)
  Saint Roka (Snake:3)
  5 Killer Klowns (Zot:5)
  A curse toe (Zot:3)
  Parghit (Zot:4)
  11 golden dragons
  the Enchantress (Depths:1)
  A Brimstone Fiend (D:14)
  2 Tzitzimimeh
  2 electric golems (Zot:5)
  Jorgrun (D:13)
  Rupert (D:14)
  22 Orb Guardians
  2 deep elf blademasters (Elf:3)
  15 tentacled monstrosities
  8 quicksilver dragons
  3 deep elf master archers (Elf:3)
  A titan (Vaults:5)
  8 acid blobs (Slime:5)
  7 sphinxes
  2 Executioners (D:9)
  6 death cobs
  2 thorn hunters
  Kirke (D:12)
  Agnes (D:15)
  11 shadow dragons
  9 storm dragons
  Roxanne (D:15)
  Donald (Vaults:4)
  Aizul (Snake:2)
  5 nagarajas (Snake:4)
  6 tengu reavers
  5 draconian monks
  2 fenstrider witches (Swamp:4)
  6 fire giants
  A rockslime (Slime:4)
  A daeva (D:9)
  20 vault wardens
  5 azure jellies
  A draconian shifter (Depths:4)
  4 protean progenitors
  5 deep elf elementalists (Elf:3)
  6 deep elf sorcerers (Elf:3)
  2 balrugs
  3 ghost moths
  Louise (D:15)
  2 draconian scorchers
  2 draconian knights (Zot:3)
  2 iron dragons
  6 frost giants
  9 quicksilver oozes
  20 ironbound preservers
  12 ironbound thunderhulks
  3 spriggan defenders (Depths:1)
  13 very ugly things
  6 green draconians
  2 formless jellyfish (Slime:5)
  19 stone giants
  3 vampire knights
  3 deep elf death magi
  5 deep elf demonologists
  2 eleionomae
  A minotaur (Gauntlet)
  3 white draconians
  21 dire elephants
  3 yellow draconians
  2 bunyips
  4 black draconians
  5 red draconians
  8 spark wasps
  7 deep elf annihilators (Elf:3)
  4 war gargoyles
  3 crystal guardians
  Snorg (D:14)
  2 green deaths
  12 ettins
  7 entropy weavers
  3 jiangshi
  13 yaktaur captains
  12 fire dragons
  Fannar (D:11)
  10 great orbs of eyes
  3 deep elf high priests
  2 peacekeepers
  An ogre mage (D:11)
  A salamander tyrant (Snake:4)
  10 vault guards
  2 rakshasas (Depths:2)
  24 hydras
  Erolcha (D:11)
  5 ice dragons
  3 anacondas
  4 catoblepae
  13 alligators
  7 spriggan air magi
  8 ironbound frosthearts
  A death knight (D:10)
  13 centaur warriors
  6 two-headed ogres
  2 two-headed ogres (shapeshifter)
  4 boulder beetles
  7 death yaks (Lair:5)
  10 naga warriors
  10 deep troll shamans
  14 naga sharpshooters
  7 deep troll earth magi
  5 spriggan berserkers
  5 tengu warriors
  An orc high priest (Orc:2)
  3 vampire magi
  A soul eater (Vaults:3)
  11 deep elf knights
  8 hell knights
  A shock serpent (shapeshifter) (Vaults:1)
  7 shock serpents
  2 skysharks (Lair:2)
  A shadow wraith (Vaults:5)
  2 skeletal warriors (D:10)
  4 sun demons
  4 iron trolls
  8 salamander mystics
  7 spriggan druids
  2 flayed ghosts
  3 goliath frogs
  56 deep trolls
  11 swamp dragons
  A swamp dragon (shapeshifter) (Elf:1)
  5 mana vipers
  A sea snake (Snake:2)
  A mana viper (shapeshifter) (Depths:4)
  A naga ritualist (Snake:4)
  5 arcanists
  23 deep elf pyromancers
  13 bog bodies
  4 deep elf archers
  6 phantasmal warriors
  30 dancing weapons
  5 harpies (Vaults:2)
  19 ironbound convokers
  25 deep elf zephyrmancers
  A wolf spider (D:15)
  7 necromancers
  13 lindwurms
  7 cyclopes
  An orc knight (Orc:2)
  10 shining eyes
  21 ugly things
  5 orc sorcerers
  8 manticores
  16 salamanders
  4 will-o-the-wisps
  7 elephants (Lair:4)
  A faun (shapeshifter) (Depths:2)
  5 large abominations
  23 black mambas
  2 kobold blastminers (Orc:2)
  9 moths of wrath
  3 meliai (D:15)
  A molten gargoyle (Gauntlet)
  A guardian serpent (Snake:2)
  11 naga magi
  2 water nymphs (shapeshifter)
  A smoke demon (Zot:1)
  9 cane toads
  19 vault sentinels
  2 eyes of devastation
  3 gargoyles
  4 unseen horrors
  3 rime drakes
  A komodo dragon (shapeshifter) (Vaults:5)
  A torpor snail (Lair:4)
  7 komodo dragons
  A kobold demonologist (D:12)
  3 tengu conjurers
  30 yaktaurs
  A freezing wraith (Vaults:4)
  An ice devil (Depths:1)
  2 efreet
  3 red devils (D:12)
  A bloated husk (Swamp:2)
  13 trolls
  14 hornets
  3 polar bears
  2 hellwings
  8 tyrant leeches
  5 glass eyes
  21 dream sheep
  A jumping spider (Vaults:4)
  27 blink frogs
  58 slime creatures
  3 air elementals
  3 shadows
  24 spriggans
  6 water elementals
  5 wraiths
  A basilisk (shapeshifter) (Elf:2)
  A vampire (D:12)
  A fire elemental (Elf:3)
  3 humans (D:14)
  A fire bat (shapeshifter) (D:14)
  3 fire bats (Depths:1)
  2 wyverns
  54 yaks
  Eustachio (D:4)
  4 basilisks
  A chaos spawn (Depths:4)
  3 wargs (Orc:2)
  13 redbacks
  A hog (D:12)
  5 golden eyes
  A white draconian simulacrum (Zot:3)
  4 steam dragons
  13 vampire mosquitoes
  Menkaure (D:6)
  A naga (shapeshifter) (Elf:2)
  11 swamp worms
  32 nagas
  17 water moccasins
  5 acid dragons
  3 moth of wrath simulacra (Zot:3)
  9 swamp drakes (Swamp:4)
  3 ice beasts
  37 orc warriors
  A sky beast (D:7)
  5 laughing skulls
  A black bear (D:3)
  11 ogres
  10 wolves
  8 boggarts
  11 centaurs
  A phantom (D:5)
  3 elf zombies (Elf:1)
  5 kobold brigands
  7 bullfrogs
  8 gnoll sergeants
  A scorpion (D:5)
  6 killer bees
  3 howler monkeys
  2 electric eels (Snake:2)
  4 jellies
  A bombardier beetle (D:7)
  Crazy Yiuf (D:6)
  23 orc priests
  6 hounds
  6 gnoll boudas (Bailey)
  2 sleepcaps
  2 iguanas (D:4)
  26 orc wizards
  10 gnolls (Bailey)
  6 adders
  A shadow imp (D:5)
  2 white imps (D:6)
  3 ribbon worms
  A dart slug (D:1)
  76 orcs
  4 ball pythons
  6 endoplasms
  6 giant cockroaches
  10 goblins
  6 hobgoblins
  3 jackals (D:3)
  4 quokkas
  3 bats
  3 frilled lizards
  28 kobolds
  9 rats
1892 creatures vanquished.

Vanquished Creatures (collateral kills)
  2 dread liches (Zot:3)
  An orb of fire (Zot:5)
  Xtahua (Vaults:5)
  2 Killer Klowns (Zot:5)
  2 golden dragons
  A Hell Sentinel (Depths:1)
  3 tentacled monstrosities
  4 Orb Guardians (Zot:5)
  2 titans (Vaults:5)
  3 acid blobs (Slime:5)
  3 quicksilver dragons
  A death cob (Zot:5)
  5 shadow dragons
  A tengu reaver (Vaults:5)
  2 azure jellies (Slime:5)
  3 draconian monks
  6 rockslimes (Slime:5)
  3 protean progenitors
  4 draconian knights (Zot:3)
  3 storm dragons
  7 draconian scorchers
  3 draconian shifters (Zot:3)
  A ghost moth (Zot:3)
  A frost giant (Vaults:5)
  A balrug (Zot:1)
  4 ironbound preservers
  A deep elf sorcerer (Vaults:5)
  An orc warlord (Orc:2)
  2 draconian stormcallers (Zot:1)
  2 stone giants (Vaults:5)
  5 quicksilver oozes (Slime:5)
  A green draconian (Zot:5)
  A deep elf death mage (Vaults:5)
  A purple draconian (Zot:4)
  10 red draconians
  4 white draconians
  2 black draconians
  5 yellow draconians (Zot:1)
  3 ettins
  2 yaktaur captains (Vaults:5)
  19 vault guards (Vaults:5)
  A centaur warrior (D:13)
  2 anacondas (Zot:3)
  Erica (D:11)
  2 naga sharpshooters
  A sun demon (Zot:1)
  A steelbarb worm (Zot:3)
  A spriggan druid (Swamp:4)
  3 deep trolls (Vaults:5)
  2 phantasmal warriors (Vaults:5)
  2 ironbound convokers (Vaults:5)
  A salamander (Snake:3)
  7 moths of wrath
  3 guardian serpents (Zot:3)
  A black mamba (Snake:4)
  An eye of devastation (shapeshifter) (Vaults:5)
  A storm dragon simulacrum (Zot:3)
  2 trolls (Zot:3)
  A hornet (Swamp:1)
  20 slime creatures
  3 spriggans (Swamp:2)
  3 nagas (Snake:4)
  2 orc warriors (D:8)
  A centaur (D:12)
  A killer bee (D:8)
  2 orc priests (D:8)
  2 gnolls (Bailey)
  4 orcs
  2 aspiring fleshes
201 creatures vanquished.

Vanquished Creatures (others)
  2 Killer Klowns (Zot:5)
  2 Orb Guardians (Zot:5)
  A storm dragon (Zot:4)
  A draconian knight (Zot:1)
  2 draconian monks
  A fire giant (Depths:2)
  A draconian scorcher (Zot:3)
  2 ironbound preservers (Vaults:5)
  A draconian stormcaller (Zot:4)
  A red draconian (Zot:3)
  A yaktaur captain (Vaults:5)
  5 vault guards (Vaults:5)
  A spriggan berserker (Depths:2)
  A naga sharpshooter (Snake:4)
  9 dancing weapons
  A mana viper (shapeshifter) (Vaults:5)
  A deep troll (Depths:4)
  2 steelbarb worms (Zot:3)
  A deep elf pyromancer (Elf:3)
  An ugly thing (Depths:1)
  2 will-o-the-wisps (Swamp:1)
  2 deep elf zephyrmancers (Elf:2)
  2 moths of wrath
  2 yaktaurs (Vaults:5)
  A freezing wraith (Vaults:5)
  A hellwing (D:9)
  2 trolls (Zot:3)
  5 bloated husks
  2 hornets (Swamp:1)
  2 slime creatures
  A swamp drake (Swamp:1)
  35 foxfires
94 creatures vanquished.

Grand Total: 2187 creatures vanquished

Notes
Turn   | Place    | Note
-------+----------+-------------------------------------------
     0 | D:1      | TheMeInTeam the Barachi Enchanter began the quest for the
                  | Orb.
     0 | D:1      | Reached XP level 1. HP: 13/13 MP: 3/3
   226 | D:1      | Reached XP level 2. HP: 20/20 MP: 5/5
   229 | D:1      | Learned a level 2 spell: Ensorcelled Hibernation
   356 | D:1      | Reached skill level 1 in Fighting
   913 | D:1      | Reached XP level 3. HP: 26/26 MP: 6/6
   941 | D:1      | Found a faded altar of an unknown god.
   941 | D:1      | Noticed an orange demon
   950 | D:1      | Learned a level 3 spell: Confusing Touch
   954 | D:1      | Prayed at the altar of an unknown god.
   954 | D:1      | Became a worshipper of Sif Muna the Loreminder
   954 | D:1      | Reached * piety under Sif Muna
  1277 | D:2      | Reached XP level 4. HP: 31/33 MP: 4/7
  1875 | D:2      | Reached XP level 5. HP: 23/39 MP: 0/9
  2011 | D:2      | Learned a level 3 spell: Tukima's Dance
  2157 | D:3      | Noticed a black bear
  2178 | D:3      | Killed a black bear
  2179 | D:3      | Reached XP level 6. HP: 25/47 MP: 4/10
  2517 | D:3      | Reached ** piety under Sif Muna
  2585 | D:3      | Learned a level 3 spell: Dazzling Flash
  3379 | D:4      | Noticed Eustachio
  4067 | D:4      | Killed Eustachio
  4068 | D:4      | Reached skill level 1 in Conjurations
  4068 | D:4      | Reached skill level 5 in Hexes
  4068 | D:4      | Reached XP level 7. HP: 27/54 MP: 6/12
  4532 | D:5      | Entered Level 5 of the Dungeon
  4680 | D:5      | Reached skill level 1 in Invocations
  4975 | D:5      | Found an ancient bone altar of Kikubaaqudgha.
  5002 | D:5      | Identified the amulet of Fuck {Spirit Regen+}
  5130 | D:5      | Reached skill level 5 in Fighting
  5130 | D:5      | Reached XP level 8. HP: 62/62 MP: 9/13
  5162 | D:5      | Found a staircase to the Ecumenical Temple.
  5190 | D:5      | Found Jeneh's Antique Weapon Boutique.
  5498 | D:5      | Reached *** piety under Sif Muna
  5697 | D:5      | Found a hide-covered altar of Uskayaw.
  5697 | D:5      | Found a hazy altar of Hepliaklqana.
  5703 | D:5      | Found a radiant altar of Vehumet.
  5705 | D:5      | Found a basalt altar of Yredelemnul.
  5707 | D:5      | Found a blossoming altar of Fedhas.
  5919 | D:6      | Reached skill level 5 in Short Blades
  6859 | D:6      | Found a runed translucent door.
  6860 | D:6      | Noticed Crazy Yiuf
  6989 | D:6      | Found Sasim Eckeru's Distillery.
  7001 | D:6      | Bought a potion of curing for 33 gold pieces
  7001 | D:6      | Bought a potion of curing for 33 gold pieces
  7001 | D:6      | Bought a potion of might for 44 gold pieces
  7001 | D:6      | Bought a potion of lignification for 33 gold pieces
  7001 | D:6      | Bought a potion of berserk rage for 55 gold pieces
  7001 | D:6      | Bought a potion of brilliance for 44 gold pieces
  7011 | D:6      | Noticed Menkaure
  7017 | D:6      | Killed Menkaure
  7293 | D:6      | Killed Crazy Yiuf
  7439 | D:7      | Reached XP level 9. HP: 71/71 MP: 12/15
  7557 | D:7      | Found Esuuteur's Armour Shop.
  8078 | D:7      | Learned a level 3 spell: Mephitic Cloud
  8333 | D:8      | Reached **** piety under Sif Muna
  8595 | D:8      | Reached XP level 10. HP: 77/80 MP: 12/16
 10189 | D:10     | Entered Level 10 of the Dungeon
 10198 | D:10     | Reached skill level 1 in Air Magic
 10198 | D:10     | Reached skill level 1 in Alchemy
 10230 | D:10     | Noticed a gargoyle
 10261 | D:10     | Found a staircase to the Lair.
 10271 | D:10     | Found a portal to a secret trove of treasure.
 10328 | D:10     | Reached skill level 5 in Conjurations
 10361 | D:10     | Found a sparkling altar of Nemelex Xobeh.
 10361 | D:10     | Found an opulent altar of Gozag.
 10399 | D:10     | Found a flagged portal.
 10444 | D:10     | Killed an unseen horror
 10495 | Bailey   | Entered a bailey
 11093 | Bailey   | Found the +2 cloak of the Thief {*Fog Slay-2 SInv Stlth+}
 11196 | D:10     | Noticed a skeletal warrior
 11292 | Lair:1   | Entered Level 1 of the Lair of Beasts
 11292 | Lair:1   | Noticed a black mamba
 11409 | D:7      | Bought a +1 pair of gloves of dexterity for 214 gold pieces
 11409 | D:7      | Bought the +2 pair of boots of Poptisor {rPois Regen+ MP+9
                  | Str-5} for 443 gold pieces
 11556 | Lair:1   | Killed a black mamba
 11606 | Lair:1   | Reached XP level 11. HP: 77/89 MP: 15/17
 11639 | Lair:1   | Reached skill level 1 in Evocations
 12603 | Lair:2   | Noticed a seven-headed hydra
 12810 | Lair:2   | Killed a seven-headed hydra
 12811 | Lair:2   | Reached skill level 10 in Fighting
 12811 | Lair:2   | Reached skill level 10 in Hexes
 12960 | Lair:2   | Reached ***** piety under Sif Muna
 12963 | Lair:2   | Reached skill level 5 in Spellcasting
 13074 | Lair:2   | Reached skill level 5 in Invocations
 13215 | Lair:2   | Noticed a skyshark
 13239 | Lair:2   | Killed a skyshark
 13322 | Lair:2   | Noticed a skyshark
 13364 | Lair:2   | Killed a skyshark
 13399 | Lair:2   | Reached skill level 10 in Short Blades
 13411 | Lair:2   | Reached XP level 12. HP: 95/97 MP: 17/20
 13694 | Lair:2   | Received a gift from Sif Muna
 13862 | Lair:2   | Reached skill level 5 in Air Magic
 14684 | Lair:3   | Noticed a seven-headed hydra
 14742 | Lair:3   | Reached skill level 5 in Alchemy
 14876 | Lair:3   | Killed a seven-headed hydra
 15465 | Lair:3   | Found a staircase to the Swamp.
 15579 | Lair:3   | Reached skill level 5 in Evocations
 15673 | Lair:3   | Found a staircase to the Snake Pit.
 15875 | Lair:3   | Noticed a catoblepas
 15888 | Lair:3   | Gained mutation: You can hop long distances. [Barachi
                  | growth]
 15888 | Lair:3   | Reached XP level 13. HP: 103/103 MP: 23/23
 15936 | Lair:3   | Identified the +0 ring mail of Defence {+Inv rElec rC-
                  | Str-5}
 16255 | Lair:3   | Identified the +3 sling "Taliu" {elec, rElec Str+3 Dex-3
                  | SInv}
 16634 | Lair:4   | Received a gift from Sif Muna
 16635 | Lair:4   | Got Sif Muna's Performing Successful Spellcraft {god gift}
 17065 | Lair:4   | Identified the maw talisman "Omery" {rF++ rCorr Stlth-}
 17857 | Lair:5   | Entered Level 5 of the Lair of Beasts
 17930 | Lair:5   | Reached skill level 1 in Long Blades
 18232 | Lair:5   | Reached skill level 5 in Dodging
 18240 | Lair:5   | Found a staircase to the Slime Pits.
 18341 | Lair:5   | Reached skill level 5 in Stealth
 18652 | Lair:5   | Reached XP level 14. HP: 113/113 MP: 27/27
 19341 | Lair:5   | Received a gift from Sif Muna
 19347 | Lair:5   | Got Sif Muna's Tome of the Synthesized Quarry {god gift}
 19874 | D:10     | Found a staircase to the Orcish Mines.
 19974 | D:7      | Bought the +0 robe of Sunlight {rC+ Str+3 Archmagi} for 455
                  | gold pieces
 20448 | D:10     | Identified the +1 chain mail "Coipp" {Str+2}
 20543 | D:10     | Got Faosheq's Grimoire of the Sun
 20571 | D:10     | Got the Incunable of the Meteoric Voyage
 20853 | Orc:1    | Entered Level 1 of the Orcish Mines
 20940 | Orc:1    | Reached skill level 5 in Long Blades
 21249 | Orc:1    | Found a roughly hewn altar of Beogh.
 21656 | Orc:2    | Entered Level 2 of the Orcish Mines
 21732 | Orc:2    | Found a staircase to the Elven Halls.
 21916 | Orc:2    | Received a gift from Sif Muna
 21919 | Orc:2    | Found a roughly hewn altar of Beogh.
 21925 | Orc:2    | Got Visicwyd's Catalogue of Quantum Exhalation {god gift}
 21931 | Orc:2    | Found Ufous's Jewellery Shoppe.
 22101 | Orc:2    | Found a roughly hewn altar of Beogh.
 22435 | Orc:2    | Found a roughly hewn altar of Beogh.
 22453 | Orc:2    | Found Walaig's Antique Armour Boutique.
 22629 | Orc:2    | Noticed an orc warlord
 22650 | Orc:2    | Killed an orc warlord
 22651 | Orc:2    | Reached skill level 10 in Spellcasting
 22682 | Orc:2    | Reached XP level 15. HP: 121/122 MP: 7/29
 22840 | Orc:2    | Found Lujeur's Antique Weapon Shop.
 22841 | Orc:2    | Found a roughly hewn altar of Beogh.
 22845 | Orc:2    | Found Guor's Antique Armour Boutique.
 23013 | Orc:2    | Found a roughly hewn altar of Beogh.
 23053 | Orc:2    | Found a roughly hewn altar of Beogh.
 23426 | D:11     | Learned a level 4 spell: Olgreb's Toxic Radiance
 23481 | D:11     | Noticed Erolcha
 23502 | D:11     | Killed Erolcha
 23529 | D:11     | Received a gift from Sif Muna
 23532 | D:11     | Got Sif Muna's Codex of the Spectral Storm {god gift}
 23651 | D:11     | Noticed Erica
 23655 | D:11     | Killed Erica
 24042 | D:11     | Noticed Fannar
 24174 | D:11     | Killed Fannar
 25318 | D:12     | Noticed Kirke
 25354 | D:12     | Killed Kirke
 25609 | D:13     | Reached skill level 1 in Shields
 25669 | D:13     | Found a gate leading to a gauntlet.
 25679 | Gauntlet | Entered a Gauntlet
 25679 | Gauntlet | Found a transporter.
 25679 | Gauntlet | Found a transporter.
 25688 | Gauntlet | Found a transporter.
 25700 | Gauntlet | Found a transporter.
 25701 | Gauntlet | Found a transporter.
 25705 | Gauntlet | Found a runed translucent door.
 25705 | Gauntlet | Found a runed translucent door.
 25710 | Gauntlet | Found a transporter.
 25713 | Gauntlet | Found a transporter.
 25721 | Gauntlet | Found a transporter.
 25742 | Gauntlet | Found a transporter.
 25763 | Gauntlet | Found a transporter.
 25763 | Gauntlet | Found a transporter.
 25765 | Gauntlet | Found a runed translucent gate.
 25765 | Gauntlet | Found a runed translucent gate.
 25765 | Gauntlet | Found a runed translucent gate.
 25771 | Gauntlet | Found a transporter.
 26061 | Gauntlet | Found the +3 hat of Pondering {ponderous, Will+ MP+10
                  | Int+5}
 26073 | Gauntlet | Received a gift from Sif Muna
 26074 | Gauntlet | Got Sif Muna's Octavo of Transforming Apparitions {god
                  | gift}
 26797 | D:13     | Noticed Jorgrun
 26835 | D:13     | Killed Jorgrun
 27173 | D:14     | Noticed Rupert
 27185 | D:14     | Reached XP level 16. HP: 127/131 MP: 30/30
 27393 | D:14     | Killed Rupert
 27443 | D:14     | Learned a level 5 spell: Yara's Violent Unravelling
 27846 | D:14     | Found a gate to the Vaults.
 27905 | D:14     | Noticed Snorg
 27944 | D:14     | Killed Snorg
 28206 | D:15     | Entered Level 15 of the Dungeon
 28214 | D:15     | Found a shadowy altar of Dithmenos.
 28268 | D:15     | Noticed Louise
 28276 | D:15     | Learned a level 5 spell: Silence
 28300 | D:15     | Killed Louise
 28357 | D:15     | Noticed Roxanne
 28404 | D:15     | Found Uge Wett's CLEARANCE SALE!.
 28547 | D:15     | Found a staircase to the Depths.
 29200 | D:15     | Noticed Agnes
 29223 | D:15     | Killed Agnes
 29406 | D:15     | Received a gift from Sif Muna
 29409 | D:15     | Got Sif Muna's Vademecum on the Shivering Storm {god gift}
 30100 | Swamp:1  | Entered Level 1 of the Swamp
 30202 | Swamp:1  | Reached skill level 10 in Evocations
 30571 | Swamp:1  | Reached skill level 5 in Shields
 32166 | Swamp:2  | Reached XP level 17. HP: 132/139 MP: 31/31
 32474 | Swamp:3  | Reached skill level 10 in Dodging
 32737 | Swamp:3  | Received a gift from Sif Muna
 33213 | Snake:1  | Entered Level 1 of the Snake Pit
 34248 | Snake:2  | Reached skill level 10 in Long Blades
 34646 | Snake:2  | Identified the blade talisman of Feaghug {rC++ rCorr Int+4}
 34719 | Snake:2  | Found Ruunkucw's Book Shoppe.
 34754 | Snake:2  | Identified the serpent talisman of Broken Taboos {SInv}
 34754 | Snake:2  | Noticed Aizul
 34777 | Snake:2  | Killed Aizul
 35186 | Snake:2  | Received a gift from Sif Muna
 35187 | Snake:2  | Got Sif Muna's Discursus on Scorching Jinxing {god gift}
 35876 | Snake:3  | Noticed Saint Roka
 36092 | Snake:3  | Killed Saint Roka
 36221 | Snake:3  | Found Qeuh's Distillery.
 36231 | Snake:3  | Bought a potion of magic for 128 gold pieces
 36231 | Snake:3  | Bought a potion of curing for 48 gold pieces
 36231 | Snake:3  | Bought a potion of curing for 48 gold pieces
 36717 | Snake:3  | Reached skill level 10 in Invocations
 37066 | Snake:4  | Entered Level 4 of the Snake Pit
 37424 | Snake:4  | Reached skill level 10 in Alchemy
 37434 | Snake:4  | Reached skill level 15 in Fighting
 37671 | Snake:4  | Reached XP level 18. HP: 142/149 MP: 32/32
 39156 | Snake:4  | Got a serpentine rune of Zot
 39579 | Swamp:4  | Entered Level 4 of the Swamp
 40216 | Swamp:4  | Noticed the 27-headed Lernaean hydra
 40222 | Swamp:4  | Received a gift from Sif Muna
 40223 | Swamp:4  | Got Sif Muna's Guidebook on Refulgent Malisons {god gift}
 40435 | Swamp:4  | Got a decaying rune of Zot
 40460 | Swamp:4  | Learned a level 4 spell: Petrify
 40466 | Swamp:4  | Learned a level 5 spell: Irradiate
 40574 | Swamp:4  | Killed the 27-headed Lernaean hydra
 40616 | Swamp:4  | Reached skill level 1 in Earth Magic
 41106 | Elf:1    | Entered Level 1 of the Elven Halls
 41224 | D:5      | Bought the +3 Elemental Staff {ele, rElec rF+ rC+ AC+3} for
                  | 1313 gold pieces
 41224 | D:5      | Found the +3 Elemental Staff {ele, rElec rF+ rC+ AC+3}
 41351 | D:10     | You paid a toll of the Elemental Staff to enter a treasure
                  | trove
 41352 | Trove    | Entered a treasure trove
 41355 | Trove    | Found the +7 Kryia's mail coat {PotionHeal*2 rC+}
 41359 | Trove    | Identified the +2 helmet "Sealutio" {rF++}
 41361 | Trove    | Identified the +3 acid dragon scales "Cotis" {*Slow rN+
                  | rCorr Stlth+}
 41362 | Trove    | Identified the +2 pair of gloves "Bued Kem" {^Drain Will+
                  | Dex+3}
 41375 | Trove    | Identified the +2 pair of boots of the Loofah {Slay+3}
 41377 | Trove    | Identified the +2 buckler "Uwyeleor" {-Cast Will+++ Str+2
                  | Int-4}
 41378 | Trove    | Identified the +2 pair of gloves of the Northern Lights
                  | {rElec rF- Regen+ Int+7}
 41382 | Trove    | Identified the +0 plate armour of the Chupacabra {Will-
                  | Dex+4 SInv}
 41398 | Trove    | Identified the +2 helmet of the Jabberwock {rElec}
 41400 | Trove    | Identified the scarf of the Devil's Team {harm, Rampage
                  | *Corrode Int+2}
 41401 | Trove    | Identified the +4 hat of Honesty {Fly rF+ rN+ Stlth+}
 41520 | Elf:1    | Reached XP level 19. HP: 157/157 MP: 34/34
 42171 | Elf:1    | Got the Incunable of Maleficent Ceremonies
 43312 | Elf:2    | Received a gift from Sif Muna
 43313 | Elf:2    | Got Sif Muna's Tome of the Contaminated Volcano {god gift}
 43988 | Elf:2    | Found a runed translucent gate.
 43989 | Elf:2    | Found a runed translucent gate.
 43989 | Elf:2    | Found a runed translucent gate.
 44219 | Elf:2    | Reached skill level 10 in Shields
 44833 | Elf:3    | Entered Level 3 of the Elven Halls
 44851 | Elf:3    | Paralysed by an air elemental for 1 turns
 44856 | Elf:3    | Paralysed by an air elemental for 1 turns
 45027 | Elf:3    | Found Wajuffoe's Weapon Boutique.
 45030 | Elf:3    | Found a transporter.
 45044 | Elf:2    | Found a shimmering blue altar of Sif Muna.
 45050 | Elf:2    | Paralysed by an air elemental for 1 turns
 45132 | Elf:3    | Noticed Ynwoy's ghost (journeyman FeSu)
 45139 | Elf:3    | Found a transporter.
 45146 | Elf:3    | Found Riseliq's Antique Weapon Boutique.
 45181 | Elf:3    | Found Ytryocw's Distillery.
 45201 | Elf:3    | Found Wohof's Jewellery Boutique.
 45202 | Elf:3    | Bought a potion of curing for 54 gold pieces
 45202 | Elf:3    | Bought a potion of curing for 54 gold pieces
 45202 | Elf:3    | Bought a potion of curing for 54 gold pieces
 45202 | Elf:3    | Bought a potion of cancellation for 144 gold pieces
 45634 | Elf:3    | Reached XP level 20. HP: 159/167 MP: 36/36
 46011 | Elf:3    | Reached skill level 5 in Earth Magic
 46117 | Elf:3    | Identified the +0 scale mail "Igiorcha" {Harm *Slow rPois
                  | Dex+3}
 46142 | Elf:3    | Received a gift from Sif Muna
 46146 | Elf:3    | Got Molod's Cyclopedia of Maleficia {god gift}
 46305 | Elf:3    | Identified the +4 scale mail of the Cicada {Int+5}
 46305 | Elf:3    | Identified the amulet "Zidum" {Faith ^Contam +Inv rF++
                  | rCorr}
 46348 | Elf:3    | Identified the +3 buckler of the Grand God {Str+2}
 46349 | Elf:3    | Identified the amulet of Qoskothry {Faith *Corrode Regen+
                  | Str+5 Int+4}
 46352 | Elf:3    | Identified the +3 leather armour of the Jumping Gods {rCorr
                  | Stlth+}
 46353 | Elf:3    | Identified the +0 broad axe of the Hurling Gods {holy,
                  | Dex+3}
 46356 | Elf:3    | Identified the ring "Mijewn" {MP+9 Int+2 Dex+6}
 46407 | Elf:3    | Identified the ring of Qiusia {Will+ Int+3}
 46841 | D:14     | Learned a level 7 spell: Enfeeble
 46842 | Vaults:1 | Entered Level 1 of the Vaults
 47322 | Vaults:1 | Received a gift from Sif Muna
 47460 | Vaults:1 | Got Miomul's Parchment of Death and Execration {god gift}
 47724 | Vaults:1 | Found Zoegea's Jewellery Shop.
 49242 | Vaults:2 | Reached XP level 21. HP: 176/176 MP: 37/37
 49368 | Vaults:2 | Got the Omnibus of Infinity
 49564 | Vaults:2 | Identified the +2 hand axe of the Valley of Death {elec,
                  | rF+ rCorr SInv Stlth-}
 49889 | Vaults:2 | Received a gift from Sif Muna
 49938 | Vaults:2 | Got Sif Muna's Information on Flammable Transformation {god
                  | gift}
 50530 | Vaults:3 | Reached skill level 15 in Hexes
 50565 | Vaults:3 | Found Fotsabes's Book Boutique.
 50749 | Vaults:3 | Found a staircase to the Crypt.
 50910 | Vaults:3 | Reached skill level 10 in Conjurations
 51085 | Vaults:3 | Received a gift from Sif Muna
 51126 | Vaults:3 | Reached skill level 15 in Dodging
 51136 | Vaults:3 | Got Sif Muna's Discursus on Hapless Mustering {god gift}
 51573 | Vaults:3 | Reached XP level 22. HP: 186/186 MP: 39/39
 52104 | Vaults:4 | Noticed Donald
 52112 | Vaults:4 | Killed Donald
 52377 | Vaults:4 | Found a transporter.
 52385 | Vaults:4 | Found a transporter.
 53184 | Vaults:4 | Received a gift from Sif Muna
 53310 | Vaults:4 | Learned a level 8 spell: Discord
 53539 | D:15     | Killed Roxanne
 53591 | Depths:1 | Entered Level 1 of the Depths
 54066 | Depths:1 | Noticed Sojobo
 54099 | Depths:1 | Killed Sojobo
 54291 | Depths:1 | Noticed the Enchantress
 54295 | Depths:1 | Noticed Bai Suzhen
 54299 | Depths:1 | Killed the Enchantress
 54327 | Depths:1 | Killed Bai Suzhen
 54730 | Depths:1 | Found a gateway to Hell.
 55095 | Depths:2 | Reached skill level 1 in Armour
 55132 | Depths:2 | Noticed Mara
 55161 | Depths:2 | Killed Mara
 55292 | Depths:2 | Found a one-way gateway to a ziggurat.
 55391 | Depths:2 | Reached XP level 23. HP: 195/195 MP: 41/41
 55404 | Depths:2 | Reached ****** piety under Sif Muna
 55568 | Depths:2 | Reached skill level 15 in Spellcasting
 55636 | Depths:2 | Received a gift from Sif Muna
 55659 | Depths:2 | Got Sif Muna's Collected Works on Resplendent Necromancy
                  | {god gift}
 55848 | Depths:2 | Identified the +8 dire flail "Wuavued" {venom, rC++ rN++
                  | Will-}
 56440 | Depths:2 | Found a one-way gate leading to the halls of Pandemonium.
 56987 | Depths:2 | Identified the staff "Zumnack" {rElec Str+6 Air}
 57392 | Depths:3 | Received a gift from Sif Muna
 57395 | Depths:3 | Reached skill level 5 in Armour
 57643 | Depths:3 | Found an opulent altar of Gozag.
 57678 | Depths:3 | Found a hide-covered altar of Uskayaw.
 57881 | Depths:3 | Found a one-way gate to the infinite horrors of the Abyss.
 58181 | Depths:4 | Entered Level 4 of the Depths
 58350 | Depths:4 | Reached skill level 15 in Shields
 58359 | Depths:4 | Noticed a juggernaut
 58380 | Depths:3 | Killed a juggernaut
 58504 | Depths:3 | Reached XP level 24. HP: 204/204 MP: 42/42
 58850 | Depths:4 | Received a gift from Sif Muna
 58884 | Depths:4 | Got Keifarath's Grimoire of Vivid Chilblains {god gift}
 59016 | Depths:4 | Reached XP level 25. HP: 159/210 MP: 39/42
 59250 | Depths:4 | Found a gate to the Realm of Zot.
 60118 | Slime:1  | Entered Level 1 of the Pits of Slime
 60543 | Slime:4  | Gained mutation: Your magical capacity is low. (-10% MP) [a
                  | shining eye]
 60570 | Slime:4  | Lost mutation: Your magical capacity is low. (-10% MP)
                  | [potion of mutation]
 60570 | Slime:4  | Gained mutation: You are clumsy. (Dex -2) [potion of
                  | mutation]
 60887 | Slime:5  | Entered Level 5 of the Pits of Slime
 60969 | Slime:5  | Gained mutation: Your spells are a little easier to cast,
                  | but a little less powerful. [a shining eye]
 60976 | Slime:5  | Lost mutation: Your spells are a little easier to cast, but
                  | a little less powerful. [potion of mutation]
 60976 | Slime:5  | Lost mutation: You are clumsy. (Dex -2) [potion of
                  | mutation]
 60976 | Slime:5  | Gained mutation: You possess an exceptional clarity of
                  | mind. [potion of mutation]
 60976 | Slime:5  | Gained mutation: You are dopey. (Int -2) [potion of
                  | mutation]
 60976 | Slime:5  | Gained mutation: Your spells are a little harder to cast,
                  | but a little more powerful. [potion of mutation]
 61151 | Slime:5  | Lost mutation: You possess an exceptional clarity of mind.
                  | [a shining eye]
 61154 | Slime:5  | Gained mutation: Your muscles are strong. (Str +4, Int/Dex
                  | -1) [a shining eye]
 61289 | Slime:5  | Noticed the Royal Jelly
 61291 | Slime:5  | the Royal Jelly changed into a rockslime shaped Royal Jelly
 61291 | Slime:5  | Noticed a rockslime shaped Royal Jelly
 61293 | Slime:5  | Killed a rockslime shaped Royal Jelly
 61633 | Slime:5  | Got a slimy rune of Zot
 62469 | Vaults:5 | Entered Level 5 of the Vaults
 62472 | Vaults:5 | Received a gift from Sif Muna
 62552 | Vaults:5 | Identified the amulet of Inko {RegenMP +Blink Str-3 Dex-5
                  | SInv}
 62569 | Vaults:5 | Received a gift from Sif Muna
 62663 | Vaults:5 | Found Mexkezidgh's Armour Shop.
 63121 | Vaults:5 | Noticed Xtahua
 63132 | Vaults:5 | Killed Xtahua
 63265 | Vaults:5 | Identified the +1 war axe of Taxation {pain, rC+ Will+
                  | Int-3}
 63373 | Vaults:5 | Reached XP level 26. HP: 205/218 MP: 44/44
 63607 | Vaults:5 | Identified the +2 giant club "Bunif" {freeze, Int+4}
 63641 | Vaults:5 | Got a silver rune of Zot
 63814 | Vaults:5 | Identified the +6 chain mail of Cocytus {Str+5 Dex-3}
 64993 | Zot:1    | Entered Level 1 of the Realm of Zot
 65002 | Zot:1    | Received a gift from Sif Muna
 65036 | Zot:1    | Got Sif Muna's Codex of the Solid Salvo {god gift}
 65643 | Zot:1    | Found a snail-covered altar of Cheibriados.
 66622 | Zot:3    | Identified the ring of Ryodgh {Ice Stlth+}
 66622 | Zot:3    | Noticed Josephina
 66791 | Zot:2    | Killed Josephina
 67032 | Zot:3    | Found the +4 Cigotuvi's embrace {Corpsefed rMiasma ^Drain
                  | rN+}
 67406 | Zot:3    | Identified the +1 ring mail of the Sun {rN++ Dex+3}
 67481 | Zot:3    | Received a gift from Sif Muna
 67649 | Zot:3    | Noticed a dread lich
 67667 | Zot:3    | Killed a dread lich
 67668 | Zot:3    | Reached XP level 27. HP: 203/224 MP: 41/45
 67668 | Zot:3    | Noticed a dread lich
 67675 | Zot:3    | Killed a dread lich
 67786 | Zot:3    | Identified the +7 mace of Misery {flame, rPois rN+ Str+2}
 67787 | Zot:3    | Found a candlelit altar of Ignis.
 68517 | Zot:4    | Noticed an orb of fire
 68538 | Zot:4    | Killed an orb of fire
 68712 | Zot:4    | Identified the +11 dagger "Transmigrator" {heavy, +Blink
                  | Dex+3}
 68963 | Zot:4    | Noticed Parghit
 69026 | Zot:4    | Killed Parghit
 69332 | Zot:5    | Entered Level 5 of the Realm of Zot
 69713 | Zot:5    | Received a gift from Sif Muna
 69887 | Zot:5    | Noticed an orb of fire
 69890 | Zot:5    | Gained mutation: You occasionally lose the ability to read
                  | scrolls when taking damage. [an orb of fire]
 69906 | Zot:5    | Killed an orb of fire
 69906 | Zot:5    | Noticed an ancient lich
 69920 | Zot:5    | Killed an ancient lich
 69927 | Zot:5    | Noticed an orb of fire
 69935 | Zot:5    | Gained mutation: You occasionally shout uncontrollably at
                  | your foes. [an orb of fire]
 69941 | Zot:5    | Killed an orb of fire
 69953 | Zot:5    | Noticed an ancient lich
 69976 | Zot:5    | Killed an ancient lich
 70719 | Zot:5    | Noticed an orb of fire
 70728 | Zot:5    | Gained mutation: Your health recovers twice as slowly from
                  | being drained. [an orb of fire]
 70733 | Zot:5    | Gained mutation: Potions are less effective at restoring
                  | your health. [an orb of fire]
 70741 | Zot:5    | Gained mutation: Armour fits poorly on your strangely
                  | shaped body. [an orb of fire]
 70744 | Zot:5    | Gained mutation: You frequently scream uncontrollably at
                  | your foes. [an orb of fire]
 70746 | Zot:5    | Killed an orb of fire
 71142 | Zot:5    | Lost mutation: You occasionally lose the ability to read
                  | scrolls when taking damage. [potion of mutation]
 71142 | Zot:5    | Lost mutation: Your spells are a little harder to cast, but
                  | a little more powerful. [potion of mutation]
 71142 | Zot:5    | Lost mutation: Armour fits poorly on your strangely shaped
                  | body. [potion of mutation]
 71142 | Zot:5    | Gained mutation: You passively map a small area around you.
                  | [potion of mutation]
 71143 | Zot:5    | Lost mutation: Potions are less effective at restoring your
                  | health. [potion of mutation]
 71143 | Zot:5    | Lost mutation: You passively map a small area around you.
                  | [potion of mutation]
 71143 | Zot:5    | Lost mutation: You are dopey. (Int -2) [potion of mutation]
 71143 | Zot:5    | Gained mutation: You are agile. (Dex +4, Str/Int -1)
                  | [potion of mutation]
 71143 | Zot:5    | Gained mutation: You passively map a small area around you.
                  | [potion of mutation]
 71143 | Zot:5    | Lost mutation: You frequently scream uncontrollably at your
                  | foes. [potion of mutation]
 71143 | Zot:5    | Gained mutation: Your flesh is heat resistant. (rF+)
                  | [potion of mutation]
 71144 | Zot:5    | Lost mutation: You passively map a small area around you.
                  | [potion of mutation]
 71144 | Zot:5    | Lost mutation: You are agile. (Dex +4, Str/Int -1) [potion
                  | of mutation]
 71145 | Zot:5    | Lost mutation: Your flesh is heat resistant. (rF+) [potion
                  | of mutation]
 71145 | Zot:5    | Lost mutation: You occasionally shout uncontrollably at
                  | your foes. [potion of mutation]
 71145 | Zot:5    | Gained mutation: You have a somewhat thin skeletal
                  | structure. (Dex +2, Stealth+) [potion of mutation]
 71145 | Zot:5    | Gained mutation: You are frail. (-10% HP) [potion of
                  | mutation]
 71145 | Zot:5    | Gained mutation: Your mind is acute. (Int +4, Str/Dex -1)
                  | [potion of mutation]
 71146 | Zot:5    | Lost mutation: You are frail. (-10% HP) [potion of
                  | mutation]
 71146 | Zot:5    | Lost mutation: Your health recovers twice as slowly from
                  | being drained. [potion of mutation]
 71146 | Zot:5    | Lost mutation: Your muscles are strong. (Str +4, Int/Dex
                  | -1) [potion of mutation]
 71146 | Zot:5    | Gained mutation: You are robust. (+10% HP) [potion of
                  | mutation]
 71169 | Zot:5    | Got the Orb of Zot
 71247 | Zot:2    | Noticed Leaxojud the pandemonium lord
 71337 | Zot:1    | Noticed Nala the pandemonium lord
 71389 | Depths:1 | Noticed Puirgha the pandemonium lord
 71426 | Depths:1 | Killed Puirgha the pandemonium lord
 71576 | D:10     | Noticed Qafec the pandemonium lord
 71809 | D:$      | Escaped with the Orb!

Illustrated notes

Levels and vault maps discovered:
D:1:      minmay_arrival_arboretum_small, layout_basic,
          dreamdust_ecumenical_altar_sealed_demon, chequers_mini_garden,
          chequers_big_river, patterned_corridor
D:2:      layout_loops_ring, st_stairs_11, chequers_serial_rivers_micro_a,
          nicolae_concentric_dashed_squares_mild, kennysheep_crisscross
D:3:      layout_basic
D:4:      layout_rooms, uniq_eustachio
D:5:      layout_cave_pools, kiku_gazebo_pond_becter,
          chequers_temple_overflow_minitemple, minmay_temple_entry_sparse_star,
          serial_shops, nicolae_shop_overgrown_old_shop, minmay_hedge_maze
D:6:      layout_basic, serial_shops, shop, item_on_display_a,
          uniq_crazy_yiuf_cottage, uniq_menkaure
D:7:      layout_rooms, serial_shops, shop
D:8:      layout_rooms
D:9:      layout_cave_pods
D:10:     minmay_the_grid_four_pointed_star
          [minmay_the_grid_triangle_9x9_stretched_checkered,
          minmay_the_grid_triangle_9x9_empty,
          minmay_the_grid_triangle_9x9_alien,
          minmay_the_grid_triangle_9x9_windchime,
          minmay_the_grid_prize_trominoes], layout_irregular_city,
          grunt_temple_overflow_opulence, enter_bailey_3,
          nicolae_trove_entry_free_sample
D:11:     layout_basic, uniq_erolcha, uniq_fannar, uniq_erica
D:12:     layout_roguey, einodemon_armed_red_devil_minivault, uniq_kirke
D:13:     minmay_bloctagon, layout_basic, gauntlet_entry_generic, uniq_jorgrun
D:14:     layout_roguey, hellmonk_vaults_keyhole, glass_columns_a, uniq_rupert,
          uniq_snorg
D:15:     hangedman_depths_entry_try_elsewhere_first, layout_layer_cave,
          nicolae_dithmenos_shadow_blocks, nicolae_shop_clearance, uniq_roxanne,
          uniq_agnes, uniq_louise
Lair:1:   layout_chaotic_city, infiniplex_staircase_pool_2,
          serial_bayou_shore_b, lemuel_fruit_fields, grunt_megastairs_3
Lair:2:   layout_gridlike
Lair:3:   layout_roguey, minmay_swamp_entry_swarm, alex1729_snake_entry_snake,
          grunt_megastairs_2
Lair:4:   layout_loops_ring, nicolae_lair_grove_arrangements
Lair:5:   evilmike_catoblepas_cave, layout_misc_corridors, slime_entry_1
Swamp:1:  layout_falls_marsh, infiniplex_staircase_pool
Swamp:2:  nicolae_swamp_secret_spriggan_hideout, layout_falls_marsh,
          nicolae_swamp_reclaimed_castle, swamp_pool_3, ldierk_geyser,
          hangedman_swamp_diagram, nzn_swamp_dancing_lights
Swamp:3:  layout_basic_swamp, nicolae_swamp_well_well_well,
          nicolae_swamp_tree_isthmus
Swamp:4:  grunt_swamp_rune_castle, layout_basic_swamp, swamp_pool_5,
          nicolae_swamp_baby_hydras
Snake:1:  layout_rooms, nicolae_snake_coiling_death
Snake:2:  layout_grid_shapes, serial_shops, nicolae_book_shop_shelving,
          nicolae_integral_box, serial_bayou_shore_a, uniq_aizul
Snake:3:  layout_layer_cave, serial_shops, shop, uniq_saint_roka
Snake:4:  snake_pit, layout_cave_town, serial_bayou_shore_b
Slime:1:  cheibrodos_slime_lost_civilization_8, layout_caves
Slime:2:  layout_caves
Slime:3:  layout_caves
Slime:4:  layout_caves
Slime:5:  slime_pit
Orc:1:    nicolae_orc_accident_2, layout_caves
Orc:2:    grunt_orc_community_town_hall, layout_caves,
          grunt_orc_community_big_house_2, grunt_orc_community_big_house_1,
          grunt_orc_community_house_2, grunt_orc_community_house_3,
          grunt_orc_community_house_3, grunt_orc_community_house_3,
          grunt_orc_community_house_1, david_defended_altar_orc
Elf:1:    eino_elf_arrival_customs, layout_onion_city, minmay_elf_necromancy
Elf:2:    nicolae_elf_blades_crystal_corner, layout_loops_corners, hex_medium,
          lemuel_upstairs_altar
Elf:3:    minmay_elf_hall_statues, layout_geoelf_grid,
          gammafunk_ghost_berserking_beasts, serial_shops,
          nicolae_shop_waterfront, shop, shop, shop_fountains
Vaults:1: ontoclasm_vaults_ring_square, nicolae_vaults_crenellated_ambush,
          nicolae_vaults_arrows, v_alt_pattern_2, nicolae_vaults_asterisk,
          v_misc_12, vaults_dpeg_ring, nicolae_vaults_shelves_hall,
          vaults_mumra_minichess, nicolae_vaults_closet_pinwheel_2,
          layout_vaults_omnigrid, serial_shops, nicolae_shop_tiny_waterfront
Vaults:2: nicolae_vaults_trapezoid_2, nicolae_vaults_house_3,
          hangedman_vaults_corner_blocks, nicolae_vaults_little_squares_1,
          nicolae_vaults_little_squares_6, nicolae_vaults_storage_closets_3,
          st_quartered_hall, nicolae_vaults_diamond_2,
          nicolae_vaults_closet_pinwheel_6, nicolae_vaults_layer_cake_slice,
          v_alt_pattern_2, v_misc_30, hangedman_vaults_locks,
          nicolae_vaults_trapezoid_lopsided_1, layout_vaults_maze
Vaults:3: nicolae_vaults_hexular_roomagon, nicolae_vaults_network_s,
          nicolae_vaults_house_1, st_star, v_misc_2, nicolae_vaults_house_1,
          nicolae_vaults_diagonal_hallway_7, nicolae_vaults_rhombus_5,
          minmay_crypt_entry_simple_box, ontoclasm_vaults_ring_small,
          nicolae_vaults_three_branches, v_rooms_1, vaults_room_hallway,
          ontoclasm_vaults_loading_screen, layout_vaults_big_room, serial_shops,
          shop
Vaults:4: vaults_dpeg_spiral, v_misc_18, vaults_room_semicircle,
          nicolae_vaults_door_testing_chamber, vaults_dpeg_hooks,
          hangedman_vaults_slice, nicolae_vaults_trapezoid_1,
          nicolae_vaults_cornered_office, gammafunk_sealed_arena, v_misc_27,
          v_pattern_3, nicolae_vaults_variable_pillar_hall,
          ontoclasm_vaults_pinch, nicolae_vaults_hexular_roomagon,
          nicolae_vaults_specimen_jars, layout_vaults_ring, uniq_donald
Vaults:5: uniq_xtahua
Depths:1: layout_gridlike, minmay_misc_feat_encased, lightli_too_deep,
          lemuel_old_faithful, uniq_bai_suzhen, uniq_sojobo, uniq_enchantress
Depths:2: nzn_winding_woodlands_large [nzn_winding_woodlands_5x5_default,
          nzn_winding_woodlands_5x15_twine, nzn_winding_woodlands_5x5_cross,
          nzn_winding_woodlands_center_triple_pond,
          nzn_winding_woodlands_15x15_five_gardens,
          nzn_winding_woodlands_center_garden,
          nzn_winding_woodlands_5x5_checkerboard,
          nzn_winding_woodlands_5x15_parted, nzn_winding_woodlands_5x5_three],
          layout_basic, enter_ziggurat_d, pf_hell_entry_great_geh,
          rand_demon_pan_entry_7, nicolae_figureground_pulse,
          infiniplex_staircase_diamond, uniq_mara
Depths:3: minmay_angry_zag, layout_cross, abyss_entry_small_statue_room,
          hell_entry, nicolae_gozag_cash_rules_everything_around_me,
          nicolae_uskayaw_dance_hall
Depths:4: grunt_zot_entry_alcove, layout_small_grid, hell_entry,
          kennysheep_random_hallway
Zot:1:    layout_misc_corridors, regret_index_zotdec_serpentine_scales
Zot:2:    layout_onion_interference, regret_index_zotdec_gossamer_parallel
Zot:3:    regret_index_infernal_bastille, layout_onion_interference,
          uniq_josephina
Zot:4:    layout_basic, uniq_parghit
Zot:5:    layout_gridlike

Skill      XL: |  1  2  3  4  5  6  7  8  9 10 11 12 13 14 15 16 17 18 19 20 21 22 23 24 25 26 27 |
---------------+----------------------------------------------------------------------------------+-----
Fighting       | 1 2 3 4 5 6 8 9 10 11 12 13 14 15 16 17 18 19 20 | 20.0
Short Blades   | 2 3 4 6 7 8 10 11 12 | 12.5
Hexes          | 4 5 6 8 9 10 11 12 13 14 15 16 17 18 20 21 | 21.4
Spellcasting   | 3 4 5 6 9 10 11 12 13 14 15 17 18 20 | 20.0
Conjurations   | 1 3 4 5 6 7 8 10 | 10.0
Invocations    | 1 2 3 4 5 6 7 8 9 10 | 10.0
Air Magic      | 2 4 6 8 |  8.0
Alchemy        | 2 4 6 7 8 10 | 10.0
Evocations     | 3 5 6 8 9 10 | 10.0
Stealth        | 5 6 |  6.0
Dodging        | 5 7 8 9 10 12 13 14 15 16 17 18 20 21 | 21.7
Long Blades    | 2 5 8 9 10 11 | 11.2
Shields        | 3 5 7 9 10 11 12 14 15 17 18 20 | 20.4
Earth Magic    | 1 4 6 |  6.0
Armour         | 2 6 7 8 |  8.0

Action                     |  1- 3 |  4- 6 |  7- 9 | 10-12 | 13-15 | 16-18 | 19-21 | 22-24 | 25-27 || total
---------------------------+-------+-------+-------+-------+-------+-------+-------+-------+-------++-------
  Melee: Dagger            |    61 |   174 |   450 |   719 |   352 |       |       |       |       ||  1756
         Short sword       |       |       |     5 |     6 |  1280 |  1824 |   172 |    58 |    12 ||  3357
         Demon blade       |       |       |       |       |       |    90 |  1173 |   874 |  1566 ||  3703
  Throw: Dart              |       |       |     4 |    17 |     4 |       |       |       |       ||    25
   Cast: Ensorcelled Hiber |     8 |     5 |       |       |       |       |       |       |       ||    13
         Confusing Touch   |       |     7 |    41 |    69 |   108 |   191 |    27 |    32 |    37 ||   512
         Tukima's Dance    |       |     2 |     8 |     7 |    33 |    16 |     4 |       |       ||    70
         Mephitic Cloud    |       |       |     3 |    30 |    92 |    47 |   138 |    81 |    50 ||   441
         Dazzling Flash    |       |       |       |     3 |     2 |    18 |       |       |       ||    23
         Olgreb's Toxic Ra |       |       |       |       |     5 |     5 |     5 |    33 |    27 ||    75
         Yara's Violent Un |       |       |       |       |       |    40 |    47 |    30 |    44 ||   161
         Silence           |       |       |       |       |       |     2 |     1 |     1 |     1 ||     5
         Petrify           |       |       |       |       |       |     1 |       |       |     1 ||     2
         Irradiate         |       |       |       |       |       |       |    23 |    21 |    36 ||    80
         Discord           |       |       |       |       |       |       |       |       |    71 ||    71
         Enfeeble          |       |       |       |       |       |       |       |       |    19 ||    19
 Invoke: Channel Magic     |       |     1 |       |     2 |       |     6 |     3 |     1 |     7 ||    20
Ability: Hop               |     1 |       |       |     2 |     2 |     7 |     2 |     1 |    10 ||    25
  Evoke: Wand              |       |       |     3 |     7 |       |     3 |       |       |     8 ||    21
         Condenser vane    |       |       |       |     1 |     2 |     1 |       |       |       ||     4
         Phantom mirror    |       |       |       |       |     2 |     3 |       |       |     1 ||     6
         Phial of floods   |       |       |       |       |     1 |       |       |       |       ||     1
         Sack of spiders   |       |       |       |       |       |     3 |     1 |       |     1 ||     5
    Use: Scroll            |       |     1 |     8 |     6 |     9 |    14 |     7 |     2 |    23 ||    70
         Potion            |       |       |     1 |     6 |     1 |     6 |       |     3 |    14 ||    31
   Stab: Sleeping          |     9 |    11 |     1 |     3 |    19 |    29 |    21 |     9 |     3 ||   105
         Confused          |       |     5 |    38 |    93 |   280 |   293 |   244 |   171 |   131 ||  1255
         Invisible         |       |       |       |     3 |     1 |    17 |       |       |    12 ||    33
         Petrifying        |       |       |       |     1 |       |       |       |       |     2 ||     3
         Distracted        |       |       |       |       |     2 |       |     4 |     2 |     2 ||    10
         Petrified         |       |       |       |       |       |     4 |       |       |     4 ||     8
 Armour: Robe              |    29 |    92 |   204 |   334 |   505 |   877 |   478 |   311 |   404 ||  3234
  Dodge: Dodged            |    29 |    84 |   149 |   294 |   665 |  1146 |   722 |   693 |   917 ||  4699
  Block: Buckler           |       |       |       |       |    55 |   409 |   373 |   344 |   195 ||  1376
         Tower shield      |       |       |       |       |       |       |       |       |  1323 ||  1323

Table legend: (Time is in decaauts)
 A = Elapsed time spent in this place.
 B = Non-inter-level travel time spent in this place.
 C = Inter-level travel time spent in this place.
 D = Time resting spent in this place.
 E = Time spent auto-exploring this place.
 F = Levels seen in this place.
 G = Mean time per level.
                   A        B        C        D        E       F      G
               +--------+--------+--------+--------+--------+-----+--------+
         Total |  79216 |  72199 |   7017 |   3550 |  48015 |  55 | 1440.3 |
       Dungeon |  21954 |  18777 |   3177 |    960 |  12769 |  15 | 1463.6 |
          Lair |   9265 |   8358 |    907 |    449 |   5930 |   5 | 1853.0 |
         Swamp |   4752 |   4425 |    327 |    161 |   2700 |   4 | 1188.0 |
     Snake Pit |   6847 |   6584 |    263 |     92 |   4684 |   4 | 1711.8 |
    Slime Pits |   2159 |   2038 |    121 |    421 |    984 |   5 |  431.8 |
  Orcish Mines |   2649 |   2434 |    215 |     29 |   1641 |   2 | 1324.5 |
   Elven Halls |   5838 |   5380 |    458 |    340 |   3526 |   3 | 1946.0 |
        Vaults |  10065 |   9503 |    562 |    331 |   6543 |   5 | 2013.0 |
        Depths |   7272 |   6784 |    488 |     19 |   5107 |   4 | 1818.0 |
           Zot |   7202 |   6707 |    495 |    523 |   3942 |   5 | 1440.4 |
         Trove |     69 |     69 |      0 |      0 |      6 |   1 |   69.0 |
        Bailey |    721 |    721 |      0 |    177 |     38 |   1 |  721.0 |
      Gauntlet |    418 |    418 |      0 |     45 |    141 |   1 |  418.0 |
               +--------+--------+--------+--------+--------+-----+--------+

Top non-repeatable levels by time:
Depths:2: 2666 daAuts
Vaults:5: 2490 daAuts
  Lair:2: 2321 daAuts
   Elf:2: 2271 daAuts
    D:15: 2251 daAuts
 Snake:4: 2151 daAuts
Vaults:1: 2148 daAuts
 Snake:3: 2114 daAuts
   Zot:5: 2070 daAuts
Vaults:3: 1990 daAuts
  Lair:3: 1984 daAuts
  Lair:5: 1976 daAuts
    D:10: 1906 daAuts
Vaults:2: 1803 daAuts
   Elf:1: 1783 daAuts
